 Dungeon Crawl Stone Soup version 0.31-a0-609-g7bf6ffcfed (webtiles) character file.

Game seed: 14985788773979974570

5 cforsyth the Charlatan (level 1, -2/17 HPs)
             Began as a Gnoll Artificer on Aug 21, 2023.
             Slain by a kobold
             ... wielding a +3 short sword
              (5 damage)
             ... on level 1 of the Dungeon.
             The game lasted 00:01:30 (49 turns).

cforsyth the Charlatan (Gnoll Artificer)              Turns: 49, Time: 00:01:31

Health: -2/17      AC:  3    Str: 11    XL:     1   Next: 80%
Magic:  1/1        EV: 12    Int: 10    God:
Gold:   0          SH:  0    Dex: 12    Spells: 0/0 levels left

rFire   . . .        a - +0 club
rCold   . . .        (no shield)
rNeg    . . .        b - +0 leather armour
rPois   .            (no helmet)
rElec   .            (no cloak)
rCorr   .            (no gloves)
SInv    .            (no boots)
Will    .....        (no amulet)
Stlth   ++           (no ring)
HPRegen 0.22/turn    (no ring)
MPRegen 0.07/turn

%: no passive effects
@: no status effects
A: fangs 1, strong nose, distributed training
a: no special abilities


You were on level 1 of the Dungeon.
You visited 1 branch of the dungeon, and saw 1 of its levels.

Inventory:

Hand Weapons
 a - a +0 club (weapon)
Armour
 b - a +0 leather armour (worn)
Wands
 c - a wand of flame (14) (quivered)
 d - a wand of charming (12)
 e - a wand of iceblast (5)


   Skills:
 + Level 2.4 Fighting
 + Level 0.1 Short Blades
 + Level 0.1 Long Blades
 + Level 0.1 Axes
 + Level 0.1 Maces & Flails
 + Level 0.1 Polearms
 + Level 0.1 Staves
 + Level 0.1 Ranged Weapons
 + Level 0.1 Throwing
 + Level 4.4 Armour
 + Level 2.4 Dodging
 + Level 2.2 Stealth
 + Level 0.1 Shields
 + Level 0.1 Unarmed Combat
 + Level 0.1 Spellcasting
 + Level 0.1 Conjurations
 + Level 0.1 Hexes
 + Level 0.1 Summonings
 + Level 0.1 Necromancy
 + Level 0.1 Translocations
 + Level 0.1 Transmutations
 + Level 0.1 Fire Magic
 + Level 0.1 Ice Magic
 + Level 0.1 Air Magic
 + Level 0.1 Earth Magic
 + Level 0.1 Poison Magic
 + Level 0.2 Invocations
 + Level 6.4 Evocations
 + Level 0.1 Shapeshifting


You couldn't memorise any spells.
You didn't know any spells.
Your spell library was empty.

Dungeon Overview and Level Annotations

Branches:
Dungeon (1/15)

Altars:


Innate Abilities, Weirdness & Mutations

You have very sharp teeth.
Your uncanny sense of smell can sniff out nearby items.
Your experience applies equally to all skills.


Message History

Your jackal misses the jackal. The jackal misses your jackal.
Your jackal closely misses the jackal.
The jackal bites your jackal.
Your jackal barely misses the jackal.
The jackal misses your jackal.
Your jackal closely misses the jackal.
The jackal closely misses your jackal.
Your jackal barely misses the jackal.
The jackal bites your jackal.
Your jackal dies!
The jackal bites you but does no damage.
Aiming: Throw Flame
Press: ? - help, Shift-Dir - straight line, f/p - jackal
Aim: a jackal (67% to hit)
The puff of flame hits the jackal!
You kill the jackal!
You hit the jackal.
The jackal is severely wounded.
The jackal misses you.
The jackal bites you but does no damage.
You closely miss the jackal.
The jackal is severely wounded.
The jackal bites you.
* * * LOW HITPOINT WARNING * * *
The jackal closely misses you.
You hit the jackal.
You kill the jackal!
You hit the goblin. You bite the goblin, but do no damage.
The goblin is heavily wounded.
The goblin barely misses you. The goblin closely misses you.
You barely miss the goblin.
The goblin is heavily wounded.
The goblin hits you but does no damage.
You hit the goblin.
You kill the goblin!
You closely miss the kobold. The kobold closely misses you.
You closely miss the kobold. The kobold hits you but does no damage.
The kobold hits you with a +3 short sword.
* * * LOW HITPOINT WARNING * * *
You closely miss the kobold.
The kobold hits you with a +3 short sword.
You die...

... .. ∆ .###
###...####
##r........
########.g.>....#
##≈≈≈≈≈##†#.h.....#
##.......†8###.....#
#..<......rK@+.!...#
##........8### ....#
##≈≈≈≈≈##+# ....#
####### ..## >.. ∆


You could see a kobold and a rat.

Vanquished Creatures
  A ball python (D:1)
  A goblin (D:1)
  2 jackals (D:1)
4 creatures vanquished.

Vanquished Creatures (others)
  2 jackals (D:1)
2 creatures vanquished.

Grand Total: 6 creatures vanquished

Notes
Turn   | Place    | Note
-------+----------+-------------------------------------------
     0 | D:1      | cforsyth the Gnoll Artificer began the quest for the Orb.
     0 | D:1      | Reached XP level 1. HP: 17/17 MP: 1/1
    49 | D:1      | Slain by a kobold

Illustrated notes

Levels and vault maps discovered:
D:1:      wander_arrival_chamber, layout_rooms, serial_forest,
          infiniplex_forest_straight_2, infiniplex_forest_side_room,
          infiniplex_forest_end_double, infiniplex_forest_lined_corner,
          infiniplex_forest_clump_curved, minmay_nonomino_d4

Action                     || total
---------------------------++-------
  Melee: Club              ||    18
         Bite              ||     1
  Evoke: Wand              ||     4
 Armour: Leather armour    ||    15
  Dodge: Dodged            ||    18

Table legend: (Time is in decaauts)
 A = Elapsed time spent in this place.
 B = Non-inter-level travel time spent in this place.
 C = Inter-level travel time spent in this place.
 D = Time resting spent in this place.
 E = Time spent auto-exploring this place.
 F = Levels seen in this place.
 G = Mean time per level.
                   A        B        C        D        E       F      G
               +--------+--------+--------+--------+--------+-----+--------+
         Total |     54 |     54 |      0 |      0 |      6 |   1 |   54.0 |
       Dungeon |     54 |     54 |      0 |      0 |      6 |   1 |   54.0 |
               +--------+--------+--------+--------+--------+-----+--------+

Top non-repeatable levels by time:
     D:1: 54 daAuts
